 Dungeon Crawl Stone Soup version 0.25.0-26-g0c896c7088 (webtiles) character file.

Game seed: 17006955477389190928

4405 xccam the Slicer (level 10, 0/66 HPs)
             Began as an Octopode Assassin on July 5, 2020.
             Was a Priest of Uskayaw.
             Slain by a gnoll sergeant
             ... wielding a +2 spear of freezing
              (2 damage)
             ... on level 8 of the Dungeon.
             The game lasted 00:13:28 (10079 turns).

xccam the Slicer (Octopode Assassin)               Turns: 10079, Time: 00:13:29

Health: 0/66       AC:  1    Str: 12    XL:     10   Next: 35%
Magic:  3/13       EV: 33    Int: 13    God:    Uskayaw [***...]
Gold:   183        SH:  0    Dex: 16    Spells: 9/9 levels left

rFire    . . .     SeeInvis +   j - +2 dagger (vamp)
rCold    + . .     Gourm    .   (no shield)
rNeg     + . .     Faith    .   (helmet restricted)
rPois    .         Spirit   .   r - amulet of the acrobat
rElec    .         Reflect  .   n - ring of protection from cold
rCorr    .         Harm     .   q - ring of see invisible
MR       .....                  H - ring of positive energy
Stlth    +++++.....             D - ring of fire
HPRegen  0.21/turn              B - ring of ice
MPRegen  0.13/turn              (no ring)
                                (no ring)
                                (no ring)

@: acrobat
A: almost no armour, stealthy swim, amphibious, 8 rings, constrict 8, camouflage
1, gelatinous body 1
a: Stomp, Line Pass, Renounce Religion


You were on level 8 of the Dungeon.
You worshipped Uskayaw.
Uskayaw was noncommittal.
You were near starving.

You visited 1 branch of the dungeon, and saw 9 of its levels.

You collected 427 gold pieces.
You spent 244 gold pieces at shops.

Inventory:

Hand Weapons
 a - a +3 dagger
 j - a +2 vampiric dagger (weapon)
Missiles
 b - 35 poisoned darts (quivered)
 c - 2 curare-tipped darts
 z - 7 datura-tipped darts
Jewellery
 n - a ring of protection from cold (left tentacle)
 q - a ring of see invisible (right tentacle)
 r - an amulet of the acrobat (around mantle)
 t - a +6 ring of dexterity {unknown}
 B - a ring of ice (on tentacle)
 D - a ring of fire (on tentacle)
 H - a ring of positive energy (on tentacle)
 K - a cursed -4 ring of dexterity {unknown}
Wands
 A - a wand of iceblast (6)
Scrolls
 i - 4 scrolls of teleportation
 k - 2 scrolls of enchant weapon
 o - a scroll of magic mapping {unknown}
 s - 3 scrolls of remove curse
 v - 3 scrolls of identify
 y - 2 scrolls of amnesia
 C - a scroll of brand weapon {unknown}
 J - a scroll of vulnerability {unknown}
Potions
 e - 2 potions of curing
 f - a potion of haste {unknown}
 g - 3 potions of lignification
 h - 2 potions of heal wounds
 l - 3 potions of mutation
 m - a potion of degeneration {unknown}
 p - a potion of ambrosia
 u - a potion of cancellation {unknown}
 w - 3 potions of stabbing {unknown}
 x - a potion of magic {unknown}
 E - a potion of brilliance {unknown}
 F - a potion of might {unknown}
 G - a potion of invisibility {unknown}
Comestibles
 d - 14 rations


   Skills:
 + Level 5.0 Fighting
 - Level 10.0 Short Blades
 - Level 2.0 Throwing
 + Level 7.6 Dodging
 + Level 8.6 Stealth
 + Level 4.9 Invocations


You had 9 spell levels left.
You didn't know any spells.
Your spell library contained the following spells:

 Spells                   Type           Power        Failure   Level  Hunger
 Animate Skeleton         Necr           N/A          30%         1    ##.....
 Apportation              Tloc           #.....       30%         1    ##.....
 Corona                   Hex            #......      30%         1    ##.....
 Summon Small Mammal      Summ           #...         30%         1    ##.....


Dungeon Overview and Level Annotations

Branches:
Dungeon (9/15)             Temple (0/1) D:5
   Lair: D:8-11         Orc: D:9-12

Altars:
Dithmenos
Fedhas
Makhleb
Nemelex Xobeh
Okawaru
Qazlal
Ru
Trog
Uskayaw
Wu Jian
Yredelemnul
Zin

Shops:
D:4 *   D:5 ?


Innate Abilities, Weirdness & Mutations

You cannot wear most types of armour.
You are very stealthy in the water. (Stealth+)
You are amphibious.
You can wear up to eight rings at the same time.
You can use your tentacles to constrict eight enemies at once.
Your skin changes colour to match your surroundings (Stealth+).
Your rubbery body absorbs attacks. (AC +1, EV +1)


Message History

The bullfrog zombie is severely damaged.
You feel somewhat more hungry.
You constrict the bullfrog zombie. You constrict the orc wizard.
You kill the orc wizard!
You feel sick. The orc wizard closely misses you. The bullfrog zombie hits you.
* * * LOW HITPOINT WARNING * * *
The orc wizard completely misses you.
Uskayaw will force your foes to share their pain.
You feel better.
You constrict the bullfrog zombie.
You destroy the bullfrog zombie!
The gnoll sergeant is no longer sharing its pain.
The orc wizard completely misses you.
You stomp with the beat, sending a shockwave through the revelers around you!
You kill the orc wizard!
You are near starving!
Unknown command.
The gnoll sergeant hits you with a +2 spear of freezing!
* * * LOW HITPOINT WARNING * * *
The gnoll sergeant freezes you.
You die...

####.....####........
....................
###.#.#########.#..#
###.#.# ...# #
......###########..# .#
###......†..†.)....##.# #
.
###.#.......).))..#.#.#.#
#.#.#########g......... #
#.#># #.@)))......# ##
#.#.# #.#...)#....# .##
#.#.# #.#..........
#.###.#.# #............
......#.# #....##......
....[...## #....# ......
####.....# ....... ..#...
# #.....# #....... ......
#.....# #...... ###..


You could see a gnoll sergeant.

Vanquished Creatures
  A queen bee (D:8)
  A hippogriff (D:8)
  A hungry ghost (D:9)
  2 porcupines (D:9)
  An ice beast (D:7)
  An orc warrior (D:7)
  A sky beast (D:6)
  5 ogres
  An eye of draining (D:9)
  A necrophage (D:6)
  A gnoll sergeant (D:6)
  7 bullfrogs
  A water moccasin zombie (D:9)
  5 scorpions
  11 killer bees
  A bullfrog zombie (D:8)
  3 crimson imps
  7 hounds
  3 jellies
  2 orc priests
  A bullfrog skeleton (D:6)
  A gnoll shaman (D:5)
  8 orc wizards
  An iguana (D:5)
  10 worker ants
  A killer bee zombie (D:6)
  2 hound skeletons
  A worker ant zombie (D:7)
  7 adders
  23 gnolls
  3 shadow imps
  3 oozes
  4 worms
  2 dart slugs (D:1)
  5 leopard geckos
  31 orcs
  6 bats
  7 giant cockroaches
  9 goblins
  7 hobgoblins
  2 jackals (D:2)
  3 kobolds
  2 quokkas
  2 ball pythons
  4 frilled lizards
  A quokka zombie (D:9)
  2 rats
204 creatures vanquished.

Vanquished Creatures (others)
  10 fungi (D:9)
  6 plants (D:9)
16 creatures vanquished.

Grand Total: 220 creatures vanquished

Notes
Turn   | Place    | Note
-------+----------+-------------------------------------------
     0 | D:1      | xccam the Octopode Assassin began the quest for the Orb.
     0 | D:1      | Reached XP level 1. HP: 14/14 MP: 1/1
    61 | D:1      | Reached XP level 2. HP: 11/19 MP: 2/2
   284 | D:1      | Reached skill level 3 in Short Blades
   371 | D:1      | Reached XP level 3. HP: 18/24 MP: 3/3
   519 | D:1      | You fall into a shaft and drop 1 floor!
   519 | D:2      | Found a burning altar of Makhleb.
   519 | D:2      | Found a shadowy altar of Dithmenos.
   519 | D:2      | Found a hide-covered altar of Uskayaw.
   519 | D:2      | Found an iron altar of Okawaru.
   519 | D:2      | Found a sparkling altar of Nemelex Xobeh.
   527 | D:2      | Became a worshipper of Uskayaw the Reveler
   772 | D:2      | Reached * piety under Uskayaw
  1047 | D:2      | Reached skill level 4 in Short Blades
  1064 | D:2      | Reached XP level 4. HP: 29/29 MP: 4/4
  1259 | D:1      | You fall into a shaft and drop 1 floor!
  1784 | D:2      | Reached ** piety under Uskayaw
  1787 | D:2      | Reached *** piety under Uskayaw
  1789 | D:2      | Reached **** piety under Uskayaw
  1791 | D:2      | Reached ***** piety under Uskayaw
  2075 | D:2      | Reached skill level 5 in Short Blades
  2086 | D:2      | Reached XP level 5. HP: 34/34 MP: 5/5
  3499 | D:4      | Reached skill level 6 in Short Blades
  3499 | D:4      | Reached XP level 6. HP: 33/39 MP: 6/6
  3777 | D:4      | Found a basalt altar of Yredelemnul.
  3888 | D:4      | Found Isafebri's General Store.
  3895 | D:4      | Bought a potion of lignification for 36 gold pieces
  4488 | D:4      | Found a stormy altar of Qazlal.
  4596 | D:5      | Entered Level 5 of the Dungeon
  4605 | D:5      | Found a glowing silver altar of Zin.
  4611 | D:5      | Reached XP level 7. HP: 43/45 MP: 7/7
  4685 | D:5      | Reached skill level 7 in Short Blades
  4743 | D:5      | Found Yred's Magic Scroll Emporium.
  4778 | D:5      | Bought a scroll of fear for 38 gold pieces
  4778 | D:5      | Bought a scroll of teleportation for 33 gold pieces
  4778 | D:5      | Bought a scroll of teleportation for 33 gold pieces
  4778 | D:5      | Bought a scroll of identify for 22 gold pieces
  4778 | D:5      | Bought a scroll of enchant weapon for 82 gold pieces
  5138 | D:5      | Found a blossoming altar of Fedhas.
  5332 | D:5      | Reached XP level 8. HP: 40/50 MP: 8/8
  5413 | D:5      | Found a staircase to the Ecumenical Temple.
  5538 | D:6      | Reached skill level 5 in Dodging
  5897 | D:6      | Reached skill level 8 in Short Blades
  6235 | D:6      | Found an ornate altar of the Wu Jian Council.
  6605 | D:6      | Reached skill level 9 in Short Blades
  7037 | D:7      | Reached XP level 9. HP: 53/54 MP: 9/9
  7249 | D:7      | Reached skill level 10 in Short Blades
  7505 | D:7      | Reached skill level 1 in Invocations
  8388 | D:8      | Noticed a queen bee
  8412 | D:8      | Killed a queen bee
  8576 | D:9      | Found a bloodstained altar of Trog.
  9601 | D:9      | Reached XP level 10. HP: 63/63 MP: 12/12
  9677 | D:9      | Reached ****** piety under Uskayaw
  9940 | D:8      | Found a sacrificial altar of Ru.
 10074 | D:8      | Reached skill level 5 in Fighting
 10079 | D:8      | HP: 2/66 [gnoll sergeant/+2 spear of freezing (12)]
 10079 | D:8      | Slain by a gnoll sergeant

Illustrated notes

Levels and vault maps discovered:
D:1:      scummos_arrival_forest, layout_rooms, skrybe_limestone_x
D:2:      layout_basic, nicolae_overflow_hidden_temple, serial_curves,
          eino_curves_01, eino_curves_01, chequers_serial_rivers_micro_b
D:3:      layout_basic, first_ration
D:4:      layout_basic, lemuel_coloured_pillars_altar,
          yredelemnul_altar_generic, serial_shops, nicolae_shop_waterfront
D:5:      layout_cave_pools, overflow_temple_1_default,
          minmay_temple_entry_mist, serial_shops, shop, fedhas_altar_3
D:6:      layout_loops_corners, lemuel_round_altar
D:7:      layout_loops_ring, minivault_11
D:8:      layout_loops_ring, kennysheep_mini, kennysheep_pointless_box,
          david_nohive_1
D:9:      layout_long_grid, gammafunk_temple_overflow_wave,
          overflow_temple_1_default, grunt_lair_entry_orc_guard_hut

Skill      XL: |  1  2  3  4  5  6  7  8  9 10 |
---------------+-------------------------------+-----
Short Blades   | 3 4 5 6 7 9 10 | 10.0
Dodging        | 2 4 6 7 |  7.6
Invocations    | 3 4 |  4.9
Stealth        | 7 8 |  8.6
Fighting       | 4 5 |  5.0
Throwing       | |  2.0

Action                   |  1- 3 |  4- 6 |  7- 9 | 10-12 || total
-------------------------+-------+-------+-------+-------++-------
Melee: Dagger            |    54 |   164 |   356 |    96 ||   670
       Constrict         |    14 |    34 |    49 |    17 ||   114
       Tentacles         |    10 |    34 |    77 |    20 ||   141
Throw: Dart              |    15 |       |       |     4 ||    19
Invok: Stomp             |       |       |     2 |     4 ||     6
Evoke: Wand              |       |       |     1 |       ||     1
  Use: Scroll            |     4 |     3 |     4 |       ||    11
       Potion            |     1 |       |     5 |     2 ||     8
 Stab: Sleeping          |     7 |    13 |    22 |       ||    42
       Paralysed         |       |     4 |     9 |     9 ||    22
       Distracted        |       |     1 |       |       ||     1
  Eat: Chunk             |       |    10 |    14 |     1 ||    25
       Ration            |       |       |     2 |       ||     2
Armor: Skin              |     8 |     8 |     5 |     3 ||    24
Dodge: Dodged            |    18 |    90 |   148 |   120 ||   376
